 Dungeon Crawl Stone Soup version 0.32-a0-612-g1c984fe9d1 (webtiles) character file.

Game seed: 3265640631463013908

77 MadMike78 the Firebug (level 4, -11/30 HPs)
             Began as a Coglin Fire Elementalist on Mar 4, 2024.
             Mangled by a +4 heavy great sword (18 damage)
             ... created by the rancor of the Wu Jian Council
             ... on level 3 of the Dungeon.
             The game lasted 00:04:42 (1467 turns).

MadMike78 the Firebug (Coglin Fire Elementalist)    Turns: 1467, Time: 00:04:42

Health: -11/30     AC: -6    Str:  8    XL:     4   Next: 34%
Magic:  1/7        EV: 12    Int: 16    God:
Gold:   51         SH:  0    Dex: 15    Spells: 4/7 levels left

rFire   . . .        d - +0 short sword {Yadidatum}
rCold   . . .        j - +0 dagger {Chidori}
rNeg    . . .        a - +0 robe
rPois   .            (no helmet)
rElec   .            (no cloak)
rCorr   .            (no gloves)
SInv    .            (no boots)
Will    .....        (amulet unavailable)
Stlth   +            (ring unavailable)
HPRegen 0.25/turn    (ring unavailable)
MPRegen 0.10/turn    (no gizmo)

%: no passive effects
@: confused, corroded
A: off-hand wielding, slow wielding, warmup strikes, no jewellery
a: Invent Gizmo


You were on level 3 of the Dungeon.
You visited 1 branch of the dungeon, and saw 3 of its levels.

You collected 51 gold pieces.

Inventory:

Hand Weapons
 d - a +0 short sword (weapon) {Yadidatum}
 j - a +0 dagger (offhand) {Chidori}
Armour
 a - a +0 robe (worn)
Scrolls
 c - a scroll of blinking
 e - a scroll of fog
 f - a scroll of teleportation
Potions
 b - a potion of magic
 h - a potion of attraction
 i - a potion of enlightenment
 k - a potion of ambrosia
 m - a potion of might {unknown}


   Skills:
 - Level 1.7 Dodging
 - Level 1.5 Stealth
 + Level 2.4 Spellcasting
 + Level 1.8 Conjurations
 * Level 3.7 Fire Magic


You had 4 spell levels left.
You knew the following spells:

 Your Spells              Type           Power      Damage    Failure   Level
a - Foxfire               Conj/Fire      40%        2x1d6     6%          1
b - Scorch                Fire           26%        2d6       6%          2

Your spell library contained the following spells:

 Spells                   Type           Power      Damage    Failure   Level
 Inner Flame              Hex/Fire       7%         N/A       28%         3
 Volatile Blastmotes      Fire/Tloc      14%        2d11      28%         3
 Flame Wave               Conj/Fire      10%        2d6       52%         4


Dungeon Overview and Level Annotations

Branches:
Dungeon (3/15)

Altars:
Wu Jian


Innate Abilities, Weirdness & Mutations

You can wield a second weapon in your off-hand.
It takes a long time for you to wield or remove held weapons.
Your first few attacks do less damage.
You cannot equip rings or amulets.


Message History

The foxfire hits the orc but does no damage. x2
The orc priest mumbles some strange prayers to Beogh against you.
Beogh smites you!
Your foxfire dissipates!
The orc wizard casts a spell.
The orc wizard flickers and vanishes!
Deactivating autopickup; reactivate with Ctrl-A.
The orc priest casts a cantrip, but nothing happens.
The orc wizard mumbles some strange words.
The orc wizard flickers and vanishes!
You are too injured to fight recklessly!
Casting: Foxfire (safe; 6% risk of failure)
Confirm with . or Enter, or press ? or * to list all spells.
You conjure some foxfire!
Casting: Foxfire (safe; 6% risk of failure)
Confirm with . or Enter, or press ? or * to list all spells.
You conjure some foxfire!
Your foxfire dissipates!
The foxfire hits something but does no damage.
Casting: Foxfire (safe; 6% risk of failure)
Confirm with . or Enter, or press ? or * to list all spells.
You miscast Foxfire.
You are very lightly contaminated with residual magic.
Nothing appears to happen.
Casting: Foxfire (safe; 6% risk of failure)
Confirm with . or Enter, or press ? or * to list all spells.
You conjure some foxfire!
The foxfire hits something.
Your foxfire dissipates!
Your magical contamination has completely faded away.
A puff of flame appears from out of thin air!
The puff of flame hits you!
* * * LOW HITPOINT WARNING * * *
Sifu Yunchang says: Suffer, mortal!
The rancor of the Wu Jian Council corrodes you!
The divine experience confuses you!
You are confused.
A +4 heavy great sword, a +1 dire flail of electrocution and a +3 broad axe of flaming come into view.
Unknown command.
You bump into the rock wall.
The +4 heavy great sword hits you!!
Ouch! That really hurt!
You die...

### #.# ################.#
#.....o.o.{.((@(.#
#.##############.#########
#.# #.)...^...# ......#
#########.# ...)..#
#......##.# ......#
#.####.##.# ## ....###
#.#.....#.# .. .....
#.#.##..#.# .# #....
###########.#.##..#.# B#


You could see 3 dancing weapons and an orc.

Vanquished Creatures
  A bombardier beetle (D:3)
  2 ribbon worms
  An orc (D:3)
  2 endoplasms (D:1)
  2 giant cockroaches
  5 goblins
  6 hobgoblins
  2 kobolds
  A quokka (D:2)
  3 ball pythons
  3 bats (D:1)
  3 frilled lizards
  A rat (D:2)
32 creatures vanquished.

Vanquished Creatures (others)
  96 foxfires
96 creatures vanquished.

Grand Total: 128 creatures vanquished

Notes
Turn   | Place    | Note
-------+----------+-------------------------------------------
     0 | D:1      | MadMike78 the Coglin Fire Elementalist began the quest for
                  | the Orb.
     0 | D:1      | Reached XP level 1. HP: 13/13 MP: 3/3
    58 | D:1      | Reached skill level 1 in Conjurations
   171 | D:1      | Reached XP level 2. HP: 18/19 MP: 0/4
   214 | D:1      | Reached skill level 3 in Fire Magic
   453 | D:1      | Found a faded altar of an unknown god.
   465 | D:1      | Prayed at the altar of an unknown god.
   465 | D:1      | Became a worshipper of the Wu Jian Council
   465 | D:1      | Reached * piety under Wu Jian
   466 | D:1      | Fell from the grace of Wu Jian
   951 | D:2      | Reached XP level 3. HP: 24/24 MP: 2/6
   954 | D:2      | Learned a level 2 spell: Scorch
  1339 | D:3      | Reached XP level 4. HP: 16/30 MP: 1/7
  1466 | D:3      | Noticed a +4 heavy great sword
  1466 | D:3      | Noticed a +1 dire flail of electrocution
  1466 | D:3      | Noticed a +3 broad axe of flaming
  1467 | D:3      | Mangled by a +4 heavy great sword

Illustrated notes

Levels and vault maps discovered:
D:1:      giann_forest_graveyard, layout_basic,
          hellmonk_ecumenical_altar_pennies_from_heaven
D:2:      layout_basic, minmay_misc_feat_hallway
D:3:      layout_basic, uniq_grinder, uniq_ijyb

Skill      XL: |  1  2 |
---------------+-------+-----
Conjurations   | 1 |  1.8
Fire Magic     | 3 |  3.7
Spellcasting   | 2 |  2.4
Dodging        | |  1.7
Stealth        | |  1.5

Action                     |  1- 3 |  4- 6 || total
---------------------------+-------+-------++-------
  Melee: Unarmed           |     8 |       ||     8
         Short sword       |    17 |       ||    17
         Punch             |     1 |       ||     1
         Dagger            |    11 |       ||    11
   Cast: Foxfire           |    55 |     9 ||    64
 Invoke: Renounce Religion |     1 |       ||     1
    Use: Scroll            |     7 |       ||     7
 Armour: Robe              |    10 |     2 ||    12
  Dodge: Dodged            |     7 |       ||     7

Table legend: (Time is in decaauts)
 A = Elapsed time spent in this place.
 B = Non-inter-level travel time spent in this place.
 C = Inter-level travel time spent in this place.
 D = Time resting spent in this place.
 E = Time spent auto-exploring this place.
 F = Levels seen in this place.
 G = Mean time per level.
                   A        B        C        D        E       F      G
               +--------+--------+--------+--------+--------+-----+--------+
         Total |   1467 |   1432 |     35 |      0 |   1157 |   3 |  489.0 |
       Dungeon |   1467 |   1432 |     35 |      0 |   1157 |   3 |  489.0 |
               +--------+--------+--------+--------+--------+-----+--------+

Top non-repeatable levels by time:
     D:1: 834 daAuts
     D:2: 320 daAuts
     D:3: 312 daAuts
